 Dungeon Crawl Stone Soup version 0.27-a0-263-gc8dee61f84 (webtiles) character file.

Game seed: 10786844890385513137

16923 snetch the Thaumaturge (level 12, -8/136 HPs)
             Began as a Gnoll Hedge Wizard on Feb 2, 2021.
             Was a High Priest of Trog.
             Mangled by gimp's ghost (13 damage)
             ... on level 11 of the Dungeon on Feb 4, 2021.
             The game lasted 01:14:00 (13717 turns).

snetch the Thaumaturge (Gnoll Hedge Wizard)        Turns: 13717, Time: 01:14:01

Health: -8/136     AC: 10    Str: 19    XL:     12   Next: 42%
Magic:  26/26      EV: 15    Int: 15    God:    Trog [*****.]
Gold:   613        SH:  0    Dex: 10    Spells: 26/31 levels left

rFire    . . .     SeeInvis .   W - +4 rapier (venom)
rCold    + . .     Faith    .   (no shield)
rNeg     . . .     Spirit   .   g - +0 leather armour (curse)
rPois    .         Reflect  .   I - +2 hat
rElec    .         Harm     .   A - scarf {shadows}
rCorr    .         Rampage  .   D - +0 pair of gloves
Will     .....                  G - +2 pair of boots {Stlth+}
Stlth    ..........             R - amulet of regeneration
HPRegen  0.72/turn              Z - ring of protection from cold
MPRegen  0.20/turn              v - +6 ring of strength

@: berserking, studying Polearms, very quick
A: distributed training, fangs 1, clumsy 1, strong nose
a: Renounce Religion, Berserk, Trog's Hand, Brothers in Arms


You were on level 11 of the Dungeon.
You worshipped Trog.
Trog was extremely pleased with you.
You visited 2 branches of the dungeon, and saw 13 of its levels.

You collected 718 gold pieces.
You spent 105 gold pieces at shops.

Inventory:

Hand Weapons
 a - a +1 halberd of flaming
 b - a +2 triple crossbow of flaming
 d - the +0 dagger of the Pharaoh's Fist {protect, *Rage +Fly Str+3 Int+4}
   (You found it on level 11 of the Dungeon)

   It grants its wielder temporary protection when it strikes (+7 to AC).
   It affects your strength (+3).
   It affects your intelligence (+4).
   It lets you fly.
   It may make you go berserk in combat.
 E - a +2 hand axe of venom
 W - a +4 rapier of venom (weapon)
Missiles
 h - 396 stones
 i - 64 sling bullets
 j - 35 poisoned darts (quivered)
 t - 3 throwing nets
 H - 60 bolts
 J - 7 boomerangs
 L - 6 curare-tipped darts
 M - 263 arrows
Armour
 g - a cursed +0 leather armour (worn)
 x - a scarf of resistance
 A - a scarf of shadows (worn)
 D - a +0 pair of gloves (worn)
 F - a scarf of repulsion
 G - a +2 pair of boots of stealth (worn)
 I - a +2 hat (worn)
 O - a +10 plate armour of ponderousness
 P - the +1 robe of Hedge Wizardry {*Drain rPois rN+ Dex+4}
   (You found it on level 5 of the Dungeon)

   It affects your dexterity (+4).
   It protects you from poison.
   It protects you from negative energy.
   It causes draining when unequipped.
Jewellery
 u - an uncursed ring of flight
 v - a +6 ring of strength (right hand)
 R - an amulet of regeneration (around neck)
 Z - a ring of protection from cold (left hand)
Wands
 e - a wand of random effects (13)
 s - a wand of paralysis (9)
 C - a wand of iceblast (12)
 N - a wand of flame (10)
 Q - a wand of acid (6)
 S - a wand of polymorph (26)
Scrolls
 f - a scroll of silence
 l - 2 scrolls of enchant weapon {unknown}
 n - 2 scrolls of immolation {unknown}
 p - 2 scrolls of remove curse
 r - a scroll of identify
 y - a scroll of random uselessness {unknown}
 K - 9 scrolls of teleportation
 U - a scroll of fog
 V - 3 scrolls of magic mapping
 X - 2 scrolls of enchant armour {unknown}
Potions
 c - 2 potions of flight {unknown}
 k - 2 potions of magic
 m - a potion of mutation
 o - 5 potions of heal wounds
 q - 3 potions of resistance
 w - 2 potions of haste
 z - 2 potions of lignification {unknown}
 B - 8 potions of curing
 T - 2 potions of might
 Y - a potion of attraction


   Skills:
 + Level 7.3 Fighting
 + Level 7.3 Short Blades
 + Level 7.3 Long Blades
 + Level 7.3 Axes
 + Level 7.3 Maces & Flails
 + Level 9.8 Polearms
 + Level 7.3 Staves
 + Level 7.3 Slings
 + Level 7.3 Bows
 + Level 7.3 Crossbows
 + Level 7.3 Throwing
 + Level 7.3 Armour
 + Level 8.7 Dodging
 + Level 8.5 Stealth
 + Level 7.3 Shields
 + Level 7.3 Unarmed Combat
 + Level 10.2 Spellcasting
 + Level 6.4 Conjurations
 + Level 6.0 Hexes
 + Level 6.4 Summonings
 + Level 6.0 Necromancy
 + Level 6.4 Translocations
 + Level 6.0 Transmutations
 + Level 6.0 Fire Magic
 + Level 6.0 Ice Magic
 + Level 6.0 Air Magic
 + Level 6.0 Earth Magic
 + Level 6.0 Poison Magic
 + Level 8.0 Invocations
 + Level 7.3 Evocations


You had 26 spell levels left.
You knew the following spells:

 Your Spells              Type           Power        Failure   Level
a - Magic Dart            Conj           100%         1%          1
b - Blink                 Tloc           N/A          1%          2
c - Call Imp              Summ           27%          1%          2

Your spell library contained the following spells:

 Spells                   Type           Power        Failure   Level
 Beastly Appendage        Tmut           50%          1%          1
 Shock                    Conj/Air       100%         1%          1
 Corpse Rot               Necr/Air       N/A          1%          2
 Slow                     Hex            25%          1%          2
 Swiftness                Air            25%          1%          2
 Wereblood                Tmut           25%          1%          2
 Confusing Touch          Hex            25%          2%          3
 Conjure Flame            Conj/Fire      26%          2%          3
 Gell's Gravitas          Tloc           13%          2%          3
 Ignite Poison            Fire/Tmut/Pois 25%          2%          3
 Mephitic Cloud           Conj/Pois/Air  26%          2%          3
 Spider Form              Tmut/Pois      12%          2%          3
 Static Discharge         Conj/Air       26%          2%          3
 Airstrike                Air            12%          9%          4
 Ice Form                 Ice/Tmut       25%          9%          4
 Petrify                  Tmut/Erth      25%          9%          4
 Lightning Bolt           Conj/Air       13%          24%         5
 Blade Hands              Tmut           12%          26%         5
 Borgnjor's Vile Clutch   Necr/Erth      12%          26%         5
 Metabolic Englaciation   Hex/Ice        12%          26%         5
 Yara's Violent Unravell  Hex/Tmut       12%          26%         5
 Death Channel            Necr           12%          80%         6


Dungeon Overview and Level Annotations

Branches:
Dungeon (12/15)            Temple (1/1) D:5            Lair (0/6) D:8
    Orc (0/2) D:11

Altars:
Ashenzari
Cheibriados
Dithmenos
Elyvilon
Fedhas
Gozag
Hepliaklqana
Kikubaaqudgha
Makhleb
Nemelex Xobeh
Okawaru
Qazlal
Ru
Sif Muna
Trog
Uskayaw
Vehumet
Wu Jian
Xom
Yredelemnul
Zin
The Shining One

Shops:
D:5 =   D:9 ?   D:11 (}?:

Annotations:
D:3 dancing weapons behind glass
D:4 bunch of obstacles
D:9 elementals behind stone glass
D:11 gimp's ghost, novice FeWn


Innate Abilities, Weirdness & Mutations

Your experience applies equally to all skills.
You have very sharp teeth.
Your uncanny sense of smell can sniff out nearby items.
You are clumsy. (Dex -2)


Message History

The spriggan misses you. The spriggan closely misses you.
A red film seems to cover your vision as you go berserk!
You feel yourself moving faster!
You feel mighty! Gimp's ghost hits you!
The spriggan rider hits you from afar with a +0 spear!
The spriggan hits you from afar with the +5 spear "Trog's Vengeance" {freeze, Int+3}.
The spriggan closely misses you.
You completely miss gimp's ghost. The spriggan rider closely misses you.
Gimp's ghost hits you!
You completely miss gimp's ghost.
The spriggan hits you from afar with the +5 spear "Trog's Vengeance" {freeze, Int+3}!
* * * LOW HITPOINT WARNING * * *
The spriggan freezes you.
* * * LOW HITPOINT WARNING * * *
The spriggan hits you from afar with a +0 trident!
* * * LOW HITPOINT WARNING * * *
You miss gimp's ghost. Your punch misses gimp's ghost.
The spriggan rider hits you from afar with a +0 spear!
* * * LOW HITPOINT WARNING * * *
Gimp's ghost hits you!
You die...

...........#.......##########....
.....#######.....................
.....+...........>....#####.....#
.....#................#...##'##.'
######....^..........##.......#.'
.....................#........#.#
.....................#........#.#
...........♣♣#8...8#♣♣........#.#
.....####..♣.♣##@##♣.♣........#.'
....<#..#..♣.♣♣♣♣Wi..♣........#.#
.....#..#..♣♣ ♣ii.♣♣####..###.#
.....#..#...♣ ..♣♣♣....####...#
######..'...♣ .h♣♣ ♣...........#
........#...♣ i ♣♣............
........#...# ♣♣♣♣.............
........#...#####))..............
........#......(..)..............


You could see a spriggan rider, 2 spriggans and gimp's ghost.

Vanquished Creatures
  Harold (D:11)
  A hydra (D:12)
  Erolcha (D:11)
  A two-headed ogre (D:11)
  Erica (D:9)
  A flayed ghost (D:11)
  2 cyclopes
  A centaur zombie (D:10)
  Joseph (D:9)
  A gargoyle (D:10)
  Maggie (D:6)
  Psyche (D:9)
  A troll (D:10)
  A hornet (D:9)
  Sigmund (D:4)
  Eustachio (D:6)
  2 wyverns
  23 yaks
  A wraith (D:10)
  Grum (D:11)
  A soldier ant (D:11)
  A water moccasin (D:11)
  4 ice beasts
  3 black bears
  7 orc warriors
  3 sky beasts
  10 ogres
  2 wolves (D:11)
  7 centaurs
  2 big kobolds
  A phantom (D:10)
  5 bullfrogs
  7 scorpions
  3 wights (D:6)
  4 howler monkeys
  2 bullfrog zombies
  A quasit (D:11)
  3 jellies
  5 orc priests
  A centaur skeleton (D:4)
  6 hounds
  Crazy Yiuf (D:7)
  6 iguanas
  16 orc wizards
  6 worker ants
  A killer bee zombie (D:7)
  2 hound zombies (D:6)
  A howler monkey zombie (D:7)
  2 worker ant zombies
  3 gnolls (D:2)
  A howler monkey skeleton (D:6)
  9 adders
  4 white imps
  4 ufetubi
  An ooze (D:5)
  An adder skeleton (D:6)
  3 worms
  2 dart slugs
  14 leopard geckos
  47 orcs
  11 bats
  10 giant cockroaches
  10 goblins
  6 hobgoblins
  12 jackals
  9 quokkas
  3 ball pythons
  7 frilled lizards
  A jackal skeleton (D:6)
  17 kobolds
  A leopard gecko skeleton (D:4)
  A leopard gecko zombie (D:8)
  A quokka skeleton (D:9)
  8 rats
343 creatures vanquished.

Vanquished Creatures (collateral kills)
  A bullfrog skeleton (D:2)
  2 orcs (D:11)
3 creatures vanquished.

Vanquished Creatures (others)
  2 fungi
  15 plants
17 creatures vanquished.

Grand Total: 363 creatures vanquished

Notes
Turn   | Place    | Note
-------+----------+-------------------------------------------
     0 | D:1      | snetch the Gnoll Hedge Wizard began the quest for the Orb.
     0 | D:1      | Reached XP level 1. HP: 13/13 MP: 8/8
   156 | D:1      | Reached XP level 2. HP: 19/19 MP: 3/10
   908 | D:1      | Reached XP level 3. HP: 22/25 MP: 9/11
  1293 | D:2      | Reached skill level 1 in Invocations
  1332 | D:2      | Learned a level 2 spell: Blink
  1335 | D:2      | Learned a level 2 spell: Call Imp
  1471 | D:2      | Reached skill level 1 in Fighting
  1471 | D:2      | Reached skill level 1 in Short Blades
  1471 | D:2      | Reached skill level 1 in Long Blades
  1471 | D:2      | Reached skill level 1 in Axes
  1471 | D:2      | Reached skill level 1 in Maces & Flails
  1471 | D:2      | Reached skill level 1 in Polearms
  1471 | D:2      | Reached skill level 1 in Staves
  1471 | D:2      | Reached skill level 1 in Slings
  1471 | D:2      | Reached skill level 1 in Bows
  1471 | D:2      | Reached skill level 1 in Crossbows
  1471 | D:2      | Reached skill level 1 in Throwing
  1471 | D:2      | Reached skill level 1 in Armour
  1471 | D:2      | Reached skill level 1 in Shields
  1471 | D:2      | Reached skill level 1 in Unarmed Combat
  1471 | D:2      | Reached skill level 1 in Evocations
  1471 | D:2      | Reached XP level 4. HP: 10/32 MP: 2/13
  1691 | D:2      | Found a faded altar of an unknown god.
  1696 | D:2      | Became a worshipper of Trog the Wrathful
  1696 | D:2      | Reached * piety under Trog
  1819 | D:2      | Found a basalt altar of Yredelemnul.
  1946 | D:2      | Reached skill level 1 in Hexes
  1946 | D:2      | Reached skill level 1 in Necromancy
  1946 | D:2      | Reached skill level 1 in Transmutations
  1946 | D:2      | Reached skill level 1 in Fire Magic
  1946 | D:2      | Reached skill level 1 in Ice Magic
  1946 | D:2      | Reached skill level 1 in Air Magic
  1946 | D:2      | Reached skill level 1 in Earth Magic
  1946 | D:2      | Reached skill level 1 in Poison Magic
  2111 | D:3      | Reached XP level 5. HP: 23/37 MP: 14/14
  2356 | D:3      | Noticed a +0 dagger
  2356 | D:3      | Noticed a +0 dagger
  2362 | D:3      | Reached ** piety under Trog
  2406 | D:3      | Found a hide-covered altar of Uskayaw.
  2708 | D:3      | Found a sacrificial altar of Ru.
  2849 | D:2      | Upgraded the game from 0.27-a0-242-ge0fc76b88b to
                  | 0.27-a0-249-g74f53ef629
  4031 | D:4      | Noticed an orc warrior
  4053 | D:4      | Killed an orc warrior
  4054 | D:4      | Reached skill level 5 in Dodging
  4054 | D:4      | Reached XP level 6. HP: 36/44 MP: 16/16
  4315 | D:5      | Entered Level 5 of the Dungeon
  4361 | D:4      | Reached XP level 7. HP: 37/50 MP: 18/18
  4369 | D:4      | Found an iron altar of Okawaru.
  4523 | D:4      | Found a large runed translucent door.
  4526 | D:4      | Found a large runed translucent door.
  4535 | D:4      | Found a large runed translucent door.
  4535 | D:4      | Found a large runed translucent door.
  4713 | D:4      | Found a burning altar of Makhleb.
  4789 | D:4      | Noticed Sigmund
  4812 | D:4      | Killed Sigmund
  4813 | D:4      | Reached skill level 5 in Stealth
  4912 | D:4      | Found a glowing silver altar of Zin.
  5136 | D:4      | Identified the Handbook of Dark Transformation
  5316 | D:4      | Reached *** piety under Trog
  5351 | D:4      | Reached XP level 8. HP: 56/57 MP: 19/19
  5694 | D:5      | Found a shimmering blue altar of Sif Muna.
  5806 | D:5      | Found Veohypef's Jewellery Shoppe.
  6038 | D:5      | Got a faintly humming robe
  6195 | D:5      | Reached skill level 8 in Spellcasting
  6515 | D:5      | Found a staircase to the Ecumenical Temple.
  6854 | D:6      | Found a snail-covered altar of Cheibriados.
  6879 | D:6      | Reached XP level 9. HP: 63/65 MP: 21/21
  6912 | D:6      | Noticed Maggie
  6931 | D:6      | Killed Maggie
  7024 | D:6      | Noticed Eustachio
  7080 | D:6      | Killed Eustachio
  7081 | D:6      | Reached skill level 5 in Polearms
  7190 | D:6      | Found an ornate altar of the Wu Jian Council.
  7304 | Temple   | Entered the Ecumenical Temple
  7460 | D:6      | Reached **** piety under Trog
  7532 | D:7      | Found a blossoming altar of Fedhas.
  7671 | D:6      | Gained mutation: You are clumsy. (Dex -2) [mutagenic glow]
  8098 | D:7      | Reached skill level 5 in Invocations
  8355 | D:7      | Identified the +1 robe of Hedge Wizardry {*Drain rPois rN+
                  | Dex+4} (You found it on level 5 of the Dungeon)
  8438 | D:7      | Found a shadowy altar of Dithmenos.
  8525 | D:7      | Found a runed translucent door.
  8526 | D:7      | Noticed Crazy Yiuf
  8533 | D:7      | Killed Crazy Yiuf
  8685 | D:8      | Found a hazy altar of Hepliaklqana.
  8759 | D:8      | Reached XP level 10. HP: 46/73 MP: 22/22
  9002 | D:8      | Got a shimmering rapier
  9003 | D:8      | Identified the cursed +1 rapier of the Purple Skies
                  | {freeze, Dex+3} (You found it on level 8 of the Dungeon)
  9042 | D:8      | Reached skill level 5 in Fighting
  9042 | D:8      | Reached skill level 5 in Short Blades
  9042 | D:8      | Reached skill level 5 in Long Blades
  9042 | D:8      | Reached skill level 5 in Axes
  9042 | D:8      | Reached skill level 5 in Maces & Flails
  9042 | D:8      | Reached skill level 5 in Staves
  9042 | D:8      | Reached skill level 5 in Slings
  9042 | D:8      | Reached skill level 5 in Bows
  9042 | D:8      | Reached skill level 5 in Crossbows
  9042 | D:8      | Reached skill level 5 in Throwing
  9042 | D:8      | Reached skill level 5 in Armour
  9042 | D:8      | Reached skill level 5 in Shields
  9042 | D:8      | Reached skill level 5 in Unarmed Combat
  9042 | D:8      | Reached skill level 5 in Evocations
  9310 | D:8      | Found a staircase to the Lair.
 10048 | D:10     | Entered Level 10 of the Dungeon
 10160 | D:9      | Found a radiant altar of Vehumet.
 10334 | D:9      | Found a stormy altar of Qazlal.
 10334 | D:9      | Noticed Erica
 10337 | D:9      | Killed Erica
 10338 | D:9      | Reached skill level 9 in Spellcasting
 10338 | D:9      | Reached skill level 5 in Conjurations
 10338 | D:9      | Reached skill level 5 in Summonings
 10338 | D:9      | Reached skill level 5 in Translocations
 10419 | D:9      | Noticed Psyche
 10440 | D:9      | Killed Psyche
 10494 | D:10     | Reached ***** piety under Trog
 10562 | D:8      | Upgraded the game from 0.27-a0-249-g74f53ef629 to
                  | 0.27-a0-263-gc8dee61f84
 10685 | D:9      | Found Picoec's Magic Scroll Emporium.
 10692 | D:9      | Bought a scroll of noise for 14 gold pieces
 10692 | D:9      | Bought a scroll of teleportation for 42 gold pieces
 10692 | D:9      | Bought a scroll of magic mapping for 49 gold pieces
 10957 | D:9      | Noticed Joseph
 10964 | D:9      | Killed Joseph
 11207 | D:10     | Reached XP level 11. HP: 76/81 MP: 24/24
 11365 | D:10     | Reached skill level 5 in Hexes
 11365 | D:10     | Reached skill level 5 in Necromancy
 11365 | D:10     | Reached skill level 5 in Transmutations
 11365 | D:10     | Reached skill level 5 in Fire Magic
 11365 | D:10     | Reached skill level 5 in Ice Magic
 11365 | D:10     | Reached skill level 5 in Air Magic
 11365 | D:10     | Reached skill level 5 in Earth Magic
 11365 | D:10     | Reached skill level 5 in Poison Magic
 11387 | D:11     | Found a staircase to the Orcish Mines.
 11596 | D:10     | Received a gift from Trog
 12160 | D:11     | Got a transparent dagger
 12196 | D:10     | Identified the cursed +0 dagger of the Pharaoh's Fist
                  | {protect, *Rage +Fly Str+3 Int+4} (You found it on level 11
                  | of the Dungeon)
 12199 | D:11     | Found a blossoming altar of Fedhas.
 12254 | D:11     | Noticed Harold
 12280 | D:11     | Killed Harold
 12317 | D:11     | Noticed a cyclops
 12324 | D:11     | Killed a cyclops
 12350 | D:11     | Found Lietoets's Gadget Emporium.
 12371 | D:11     | Found Gonaeko's Antique Weapon Emporium.
 12525 | D:11     | Found Helarch's Magic Scroll Shoppe.
 12660 | D:12     | Noticed a cyclops
 12695 | D:12     | Killed a cyclops
 12703 | D:12     | Reached XP level 12. HP: 59/89 MP: 25/25
 12716 | D:12     | Noticed an eight-headed hydra
 12730 | D:12     | Killed a four-headed hydra
 12731 | D:12     | Reached skill level 10 in Spellcasting
 12857 | D:11     | Noticed Grum
 12873 | D:11     | Killed Grum
 12914 | D:11     | Found Nope Tuanoi's Book Boutique.
 12914 | D:11     | Noticed Erolcha
 12964 | D:11     | Killed Erolcha
 13056 | D:11     | Noticed a two-headed ogre
 13063 | D:11     | Killed a two-headed ogre
 13280 | D:11     | Found a runed translucent door.
 13281 | D:11     | Identified the +5 spear "Trog's Vengeance" {freeze, Int+3}
 13623 | D:11     | Noticed gimp's ghost (novice FeWn)
 13717 | D:11     | HP: 5/136 [spriggan rider/+0 spear (15)]
 13717 | D:11     | Mangled by gimp's ghost

Illustrated notes

Levels and vault maps discovered:
D:1:      amcnicky_arrival_wind_blow, layout_loops_ring, minmay_door_square
D:2:      layout_basic, lemuel_round_altar, chequers_ecumenical_altar_lobes
D:3:      layout_rooms, dancing_weapons_uskayaw, nicolae_ru_awakened_eye
D:4:      layout_basic, zin_scriptorium, general_overflow_altar,
          lemuel_coloured_pillars_altar, minmay_statues_item,
          minmay_hollow_rounded_squares, uniq_sigmund
D:5:      layout_rooms, nicolae_overflow_crystal_walls,
          minmay_temple_entry_from_below_a, grunt_decor_mini_mirrors,
          grunt_ministairs_6, corexii_leaking_fountain,
          minmay_shop_enchanted_jewellery
D:6:      layout_basic, lemuel_doored_altar, cheibriados_altar_1,
          minmay_a_box_with_orc_wizards_in_it, uniq_eustachio, uniq_maggie
D:7:      layout_loops_ring, nicolae_dithmenos_the_darkroom,
          fedhas_ov_isle_minmay, uniq_crazy_yiuf_cottage
D:8:      layout_layer_cave, overflow_temple_1_default, lair_entry_dummy,
          minmay_increasing_density
D:9:      layout_basic, overflow_temple_1_default, serial_shops, shop,
          nicolae_qazlal_style_of_elements, uniq_joseph, uniq_psyche, uniq_erica
D:10:     layout_roguey
D:11:     layout_irregular_city, orc_0_dummy, basic_altar, serial_shops,
          nicolae_shop_statue_plus, shop, shop, shop,
          ebering_ghost_funeral_grove, kennysheep_just_a_vault, uniq_harold,
          uniq_erolcha, uniq_grum
D:12:     layout_cave_pools
Temple:   nicolae_temple_figure_zero

Skill      XL: |  1  2  3  4  5  6  7  8  9 10 11 12 |
---------------+-------------------------------------+-----
Conjurations   | 2 3 4 5 6 |  6.4
Summonings     | 2 3 4 5 6 |  6.4
Translocations | 2 3 4 5 6 |  6.4
Invocations    | 1 2 3 4 5 6 7 8 |  8.0
Fighting       | 1 2 3 4 5 6 7 |  7.3
Short Blades   | 1 2 3 4 5 6 7 |  7.3
Long Blades    | 1 2 3 4 5 6 7 |  7.3
Axes           | 1 2 3 4 5 6 7 |  7.3
Maces & Flails | 1 2 3 4 5 6 7 |  7.3
Polearms       | 1 2 4 6 7 9 |  9.8
Staves         | 1 2 3 4 5 6 7 |  7.3
Slings         | 1 2 3 4 5 6 7 |  7.3
Bows           | 1 2 3 4 5 6 7 |  7.3
Crossbows      | 1 2 3 4 5 6 7 |  7.3
Throwing       | 1 2 3 4 5 6 7 |  7.3
Armour         | 1 2 3 4 5 6 7 |  7.3
Shields        | 1 2 3 4 5 6 7 |  7.3
Unarmed Combat | 1 2 3 4 5 6 7 |  7.3
Evocations     | 1 2 3 4 5 6 7 |  7.3
Hexes          | 1 2 3 4 5 6 |  6.0
Necromancy     | 1 2 3 4 5 6 |  6.0
Transmutations | 1 2 3 4 5 6 |  6.0
Fire Magic     | 1 2 3 4 5 6 |  6.0
Ice Magic      | 1 2 3 4 5 6 |  6.0
Air Magic      | 1 2 3 4 5 6 |  6.0
Earth Magic    | 1 2 3 4 5 6 |  6.0
Poison Magic   | 1 2 3 4 5 6 |  6.0
Dodging        | 5 6 7 8 |  8.7
Stealth        | 5 6 7 8 |  8.5
Spellcasting   | 8 9 10 | 10.2

Action                   |  1- 3 |  4- 6 |  7- 9 | 10-12 || total
-------------------------+-------+-------+-------+-------++-------
Melee: Mace              |     5 |       |       |       ||     5
       Dagger            |    21 |    73 |   237 |    25 ||   356
       Bite              |     3 |    16 |    43 |    76 ||   138
       Short sword       |       |   197 |     3 |       ||   200
       Punch             |       |       |     5 |    10 ||    15
       Glaive            |       |       |    20 |       ||    20
       Rapier            |       |       |    98 |   243 ||   341
       Trident           |       |       |    39 |       ||    39
       Quarterstaff      |       |       |    11 |     3 ||    14
       Halberd           |       |       |       |   408 ||   408
 Fire: Triple crossbow   |       |       |       |    49 ||    49
Throw: Dart              |       |    17 |       |       ||    17
       Stone             |       |     3 |       |       ||     3
 Cast: Magic Dart        |    76 |       |       |       ||    76
       Call Imp          |     1 |       |       |       ||     1
Invok: Berserk           |       |     4 |     2 |     8 ||    14
       Trog's Hand       |       |     1 |     4 |    11 ||    16
       Brothers in Arms  |       |       |       |     1 ||     1
Evoke: Wand              |       |       |     1 |       ||     1
  Use: Scroll            |       |       |     6 |     8 ||    14
       Potion            |       |       |       |     3 ||     3
 Stab: Sleeping          |     3 |     3 |    11 |     5 ||    22
       Distracted        |       |       |     1 |       ||     1
       Invisible         |       |       |       |     1 ||     1
Armor: Leather armour    |     8 |    83 |       |     1 ||    92
       Ring mail         |       |    11 |    77 |       ||    88
       Chain mail        |       |       |   154 |       ||   154
       Robe              |       |       |     8 |     9 ||    17
       Plate armour      |       |       |       |   550 ||   550
Dodge: Dodged            |    29 |   263 |   288 |   296 ||   876
       Repelled          |       |       |     1 |       ||     1

Table legend: (Time is in decaauts)
 A = Elapsed time spent in this place.
 B = Non-inter-level travel time spent in this place.
 C = Inter-level travel time spent in this place.
 D = Time resting spent in this place.
 E = Time spent auto-exploring this place.
 F = Levels seen in this place.
 G = Mean time per level.
                   A        B        C        D        E       F      G
               +--------+--------+--------+--------+--------+-----+--------+
         Total |  14042 |  13122 |    920 |    592 |   7911 |  13 | 1080.2 |
       Dungeon |  13918 |  13007 |    911 |    592 |   7798 |  12 | 1159.8 |
        Temple |    123 |    114 |      9 |      0 |    113 |   1 |  123.0 |
               +--------+--------+--------+--------+--------+-----+--------+

Top non-repeatable levels by time:
     D:2: 2370 daAuts
    D:11: 1532 daAuts
     D:4: 1476 daAuts
     D:9: 1319 daAuts
     D:8: 1236 daAuts
    D:10: 1197 daAuts
     D:1: 1160 daAuts
     D:5: 1148 daAuts
     D:6: 920 daAuts
     D:7: 855 daAuts
     D:3: 583 daAuts
  Temple: 123 daAuts
    D:12: 116 daAuts
